 Dungeon Crawl Stone Soup version 0.17-a0-1719-g1afd5a1 (webtiles) character file.

148 kae the Cudgeler (level 5, -2/38 HPs)
             Began as a Demonspawn Gladiator on Aug 28, 2015.
             Slain by an orc priest
             ... wielding a +0 club
              (4 damage)
             ... on level 3 of the Dungeon.
             The game lasted 00:03:15 (2497 turns).

kae the Cudgeler (Demonspawn Gladiator)             Turns: 2497, Time: 00:03:15

Health: -2/38      AC:  4    Str: 16    XL:     5   Next: 8%
Magic:  5/5        EV: 12    Int:  9    God:
Gold:   92         SH:  0    Dex: 14    Spells: 0 memorised, 4 levels left

rFire  . . .     SeeInvis .     f - +0 whip (venom)
rCold  . . .     Clarity  .     b - +0 leather armour
rNeg   . . .     SustAt   .     (no shield)
rPois  .         Gourm    .     (helmet restricted)
rElec  .         Spirit   .     (no cloak)
rCorr  .         Warding  .     (no gloves)
rMut   .         Stasis   .     k - +0 pair of boots
MR     .....                    (no amulet)
Stlth  +.........               (no ring)
                                (no ring)

@: not resistant to hostile enchantments, very unstealthy
A: antennae 1, powered by pain 1, rot immunity
a: no special abilities


You were on level 3 of the Dungeon.
You were very hungry.

You visited 1 branch of the dungeon, and saw 3 of its levels.

You collected 92 gold pieces.

Inventory:

Hand weapons
 a - a +0 flail
 f - a +0 whip of venom (weapon)
Missiles
 d - 3 throwing nets (quivered)
Armour
 b - a +0 leather armour (worn)
 c - a +0 helmet
 j - a +0 helmet
 k - a +0 pair of boots (worn)
Scrolls
 i - 3 scrolls of identify
 l - a scroll of fog {unknown}
 n - 2 scrolls of enchant armour {unknown}
 o - 2 scrolls of fear {unknown}
Potions
 h - a potion of heal wounds
Comestibles
 e - 3 bread rations
 g - 2 fruits
 m - a slice of pizza


   Skills:
 - Level 2.0 Fighting
 + Level 5.3 Maces & Flails
 - Level 1.7 Throwing
 - Level 2.6 Dodging


You had 4 spell levels left.
You didn't know any spells.

Dungeon Overview and Level Annotations

Branches:
Dungeon (3/15)

Altars:


Innate Abilities, Weirdness & Mutations

You have a pair of small antennae on your head.
You sometimes gain a little power by taking damage.
You are immune to rotting.


Message History

The orc priest looks even sicker.
The orc priest is moderately wounded.
You hit the orc priest.
The orc priest is heavily wounded.
The orc priest barely misses you.
You hit the orc priest but do no damage.
The orc priest is severely wounded.
The orc priest calls down the wrath of Beogh upon you.
Pain shoots through your body!
* * * LOW HITPOINT WARNING * * *
You hit the orc priest.
The orc priest is severely wounded.
The orc priest hits you with a club.
* * * LOW HITPOINT WARNING * * *
You hit the orc priest but do no damage.
The orc priest is severely wounded.
You hit the orc priest but do no damage.
The orc priest is almost dead.
The orc priest hits you with a club.
You die...

####.########
+.##............
........########
........# ###
.###.##.# #.# #.
#.# ... # #.#
#.# #.# #.#
#@###.# #o)...#
#####.# #.# #.#
#..


#oo #go# #so# You could see an orc priest.

Vanquished Creatures
  An orc wizard (D:3)
  2 gnolls (D:2)
  3 adders (D:2)
  An ooze (D:2)
  3 worms (D:2)
  4 orcs (D:3)
  2 ball pythons
  11 goblins
  8 hobgoblins
  A quokka (D:2)
  7 bats
  2 giant cockroaches
  3 giant newts (D:1)
  9 kobolds
  5 rats (D:1)
62 creatures vanquished.

Notes
Turn   | Place    | Note
--------------------------------------------------------------
     0 | D:1      | kae the Demonspawn Gladiator began the quest for the Orb.
     0 | D:1      | Reached XP level 1. HP: 16/16 MP: 1/1
   214 | D:1      | Reached skill level 3 in Maces & Flails
   434 | D:1      | Gained mutation: You sometimes gain a little power by taking damage. [demonic ancestry]
   434 | D:1      | Reached XP level 2. HP: 20/22 MP: 2/2
   963 | D:2      | Gained mutation: You are immune to rotting. [demonic ancestry]
   963 | D:2      | Reached XP level 3. HP: 20/27 MP: 3/3
  1065 | D:2      | Reached skill level 4 in Maces & Flails
  1699 | D:2      | Gained mutation: You have a pair of small antennae on your head. [demonic ancestry]
  1699 | D:2      | Reached XP level 4. HP: 15/33 MP: 4/4
  2469 | D:3      | Reached skill level 5 in Maces & Flails
  2478 | D:3      | Reached XP level 5. HP: 19/38 MP: 5/5
  2497 | D:3      | Slain by an orc priest

Vault maps used:
D:1:      lightli_arrival_flooded_house, st_stairs_5
D:3:      nicolae_overflow_quartered_altars, gammafunk_temple_overflow_claw

Action                   |  1- 3 |  4- 6 || total
-------------------------+-------+-------++-------
Melee: Flail             |   154 |    23 ||   177
       Whip              |       |    50 ||    50
  Use: Potion            |     1 |       ||     1
       Scroll            |       |     2 ||     2
 Stab: Distracted        |     1 |       ||     1
  Eat: Chunk             |     2 |     2 ||     4
